% Time on Ice - OKANAGAN RATTLESNAKES
Lines # - Real PCT - Wanted PCT - Time Play
Normal Forward
1 - 34% - 36% - 14:51
2 - 28% - 31% - 12:27
3 - 23% - 23% - 10:00
4 - 15% - 10% - 6:27
Normal Defense
1 - 36% - 36% - 15:35
2 - 32% - 31% - 13:56
3 - 28% - 23% - 12:11
4 - 5% - 10% - 2:03
PP Forward
1 - 53% - 55% - 5:14
2 - 47% - 45% - 4:41
PP Defense
1 - 56% - 55% - 5:34
2 - 44% - 45% - 4:21
PK Forward
1 - 60% - 55% - 3:20
2 - 40% - 45% - 2:12
PK Defense
1 - 45% - 55% - 2:30
2 - 55% - 45% - 3:02
PK3 Forward
1 - 0% - 55%
2 - 0% - 45%
PK3 Defense
1 - 0% - 55%
2 - 0% - 45%
44 Forward
1 - 0% - 55%
2 - 0% - 45%
44 Defense
1 - 0% - 55%
2 - 0% - 45%
Last Minute Offensive  - 0:48
Last Minute Defensive  - 0:00
Total
Forward - 60:00
Defense - 60:00
% Time on Ice - SACRAMENTO BANDITS
Lines # - Real PCT - Wanted PCT - Time Play
Normal Forward
1 - 36% - 36% - 15:32
2 - 28% - 31% - 12:14
3 - 26% - 23% - 11:17
4 - 11% - 10% - 4:42
Normal Defense
1 - 36% - 36% - 15:32
2 - 29% - 31% - 12:38
3 - 30% - 23% - 13:05
4 - 6% - 10% - 2:30
PP Forward
1 - 50% - 55% - 2:45
2 - 50% - 45% - 2:47
PP Defense
1 - 45% - 55% - 2:31
2 - 55% - 45% - 3:01
PK Forward
1 - 58% - 55% - 5:46
2 - 42% - 45% - 4:09
PK Defense
1 - 51% - 55% - 5:02
2 - 49% - 45% - 4:53
PK3 Forward
1 - 0% - 55%
2 - 0% - 45%
PK3 Defense
1 - 0% - 55%
2 - 0% - 45%
44 Forward
1 - 0% - 55%
2 - 0% - 45%
44 Defense
1 - 0% - 55%
2 - 0% - 45%
Last Minute Offensive  - 0:00
Last Minute Defensive  - 0:48
Total
Forward - 60:00
Defense - 60:00
Play-by-Play 1st period 0:01 of 1st period - David Perron wins face-off versus Anders Lee in neutral zone. 0:22 of 1st period - Shot by Anders Lee. 0:22 of 1st period - Stopped by Marc-Andre Fleury without a rebound. 0:23 of 1st period - Nico Hischier wins face-off versus Casey Cizikas in SACRAMENTO BANDITS zone. 0:38 of 1st period - Mike Hoffman is hit by Marc-Edouard Vlasic and loses puck. 0:43 of 1st period - Shot by Mike Hoffman. 0:43 of 1st period - Stopped by Marc-Andre Fleury without a rebound. 0:44 of 1st period - Eetu Luostarinen wins face-off versus Blake Coleman in SACRAMENTO BANDITS zone. 0:44 of 1st period - Eetu Luostarinen is hit by Oskar Sundqvist. 1:00 of 1st period - Shot by Danil Gushchin. 1:00 of 1st period - The goal is going for a video replay. 1:00 of 1st period - The goal is refused. 1:01 of 1st period - Stefan Noesen wins face-off versus Peter Abbandonato in OKANAGAN RATTLESNAKES zone. 1:01 of 1st period - Stefan Noesen is hit by Dominik Kubalik. 1:16 of 1st period - Minor Penalty to Brent Burns for Holding. 1:17 of 1st period - Anders Lee wins face-off versus Anze Kopitar in SACRAMENTO BANDITS zone. 1:46 of 1st period - Shot by Anders Lee. 1:46 of 1st period - Stopped by Marc-Andre Fleury without a rebound. 1:47 of 1st period - Sam Reinhart wins face-off versus Lars Eller in SACRAMENTO BANDITS zone. 1:55 of 1st period - Off-side. 1:56 of 1st period - Sam Reinhart wins face-off versus Lars Eller in neutral zone. 2:14 of 1st period - Shot by Colton Parayko. 2:14 of 1st period - Stopped by Marc-Andre Fleury without a rebound. 2:15 of 1st period - Anze Kopitar wins face-off versus Anders Lee in SACRAMENTO BANDITS zone. 2:21 of 1st period - Icing by T.J. Oshie. 2:22 of 1st period - Anze Kopitar wins face-off versus Anders Lee in OKANAGAN RATTLESNAKES zone. 3:39 of 1st period - Icing by Colton Parayko. 3:40 of 1st period - Anze Kopitar wins face-off versus Stefan Noesen in OKANAGAN RATTLESNAKES zone. 3:40 of 1st period - Sam Reinhart is hit by Josh Manson and loses puck. 3:44 of 1st period - Icing by Colton Parayko. 3:45 of 1st period - Anze Kopitar wins face-off versus Stefan Noesen in OKANAGAN RATTLESNAKES zone. 3:48 of 1st period - Shot by David Perron. 3:48 of 1st period - Stopped by James Reimer with a rebound. 3:50 of 1st period - Shot by Anze Kopitar. 3:50 of 1st period - Deflect By Sam Reinhart. 3:50 of 1st period - Goal by Sam Reinhart - OKANAGAN RATTLESNAKES : 0 - SACRAMENTO BANDITS : 1. 3:51 of 1st period - Nico Hischier wins face-off versus Blake Coleman in neutral zone. 4:30 of 1st period - Shot by Nico Hischier. 4:30 of 1st period - Shot Misses the Net. 4:34 of 1st period - Shot by Nico Hischier. 4:34 of 1st period - Stopped by James Reimer without a rebound. 4:35 of 1st period - Anze Kopitar wins face-off versus Anders Lee in OKANAGAN RATTLESNAKES zone. 5:02 of 1st period - Shot by Anze Kopitar. 5:02 of 1st period - Stopped by James Reimer with a rebound. 5:54 of 1st period - Shot by Danil Gushchin. 5:54 of 1st period - Stopped by James Reimer without a rebound. 5:55 of 1st period - Casey Cizikas wins face-off versus Nico Hischier in OKANAGAN RATTLESNAKES zone. 6:27 of 1st period - Minor Penalty to Marc-Edouard Vlasic for Hooking. 6:28 of 1st period - Anze Kopitar wins face-off versus Pierre-Edouard Bellemare in SACRAMENTO BANDITS zone. 6:34 of 1st period - Icing by Mike Hoffman. 6:35 of 1st period - Anze Kopitar wins face-off versus Pierre-Edouard Bellemare in OKANAGAN RATTLESNAKES zone. 6:55 of 1st period - Icing by Pierre-Edouard Bellemare. 6:56 of 1st period - Sam Reinhart wins face-off versus Pierre-Edouard Bellemare in OKANAGAN RATTLESNAKES zone. 8:32 of 1st period - Shot by Kevin Labanc. 8:32 of 1st period - Shot Misses the Net. 8:39 of 1st period - Icing by Danil Gushchin. 8:40 of 1st period - Eetu Luostarinen wins face-off versus Blake Coleman in SACRAMENTO BANDITS zone. 9:40 of 1st period - Shot by Anze Kopitar. 9:40 of 1st period - Shot Misses the Net. 9:42 of 1st period - Shot by Rasmus Sandin. 9:42 of 1st period - Stopped by James Reimer without a rebound. 9:43 of 1st period - Anze Kopitar wins face-off versus Anders Lee in OKANAGAN RATTLESNAKES zone. 9:45 of 1st period - Sam Reinhart is hit by Adam Clendening and loses puck. 9:50 of 1st period - Shot by Sam Reinhart. 9:50 of 1st period - Deflect By Anze Kopitar. 9:50 of 1st period - Shot Misses the Net. 9:52 of 1st period - Shot by Janis Moser. 9:52 of 1st period - Stopped by James Reimer without a rebound. 9:53 of 1st period - Casey Cizikas wins face-off versus Anze Kopitar in OKANAGAN RATTLESNAKES zone. 9:53 of 1st period - Casey Cizikas is hit by David Perron. 10:09 of 1st period - Shot by Casey Cizikas. 10:09 of 1st period - Shot Misses the Net. 10:11 of 1st period - Shot by Colton Parayko. 10:11 of 1st period - Stopped by Marc-Andre Fleury without a rebound. 10:12 of 1st period - Nico Hischier wins face-off versus Anders Lee in SACRAMENTO BANDITS zone. 10:12 of 1st period - Nico Hischier is hit by Nazem Kadri. 10:17 of 1st period - Icing by Nico Hischier. 10:18 of 1st period - Casey Cizikas wins face-off versus Nico Hischier in SACRAMENTO BANDITS zone. 10:23 of 1st period - Icing by Christian Fischer. 10:24 of 1st period - Nico Hischier wins face-off versus Casey Cizikas in SACRAMENTO BANDITS zone. 10:24 of 1st period - Nico Hischier is hit by Casey Cizikas. 10:31 of 1st period - Off-side. 10:32 of 1st period - Anze Kopitar wins face-off versus Casey Cizikas in neutral zone. 10:43 of 1st period - Icing by Colton Parayko. 10:44 of 1st period - Casey Cizikas wins face-off versus Nico Hischier in OKANAGAN RATTLESNAKES zone. 13:03 of 1st period - Shot by Pierre-Edouard Bellemare. 13:03 of 1st period - Stopped by Marc-Andre Fleury without a rebound. 13:04 of 1st period - Jujhar Khaira wins face-off versus Peter Abbandonato in SACRAMENTO BANDITS zone. 13:18 of 1st period - Icing by Rasmus Sandin. 13:19 of 1st period - Casey Cizikas wins face-off versus Peter Abbandonato in SACRAMENTO BANDITS zone. 13:28 of 1st period - Shot by Mike Hoffman. 13:28 of 1st period - Stopped by Marc-Andre Fleury without a rebound. 13:29 of 1st period - Blake Coleman wins face-off versus Anze Kopitar in SACRAMENTO BANDITS zone. 13:51 of 1st period - Shot by Oskar Sundqvist. 13:51 of 1st period - Shot Misses the Net. 13:53 of 1st period - Shot by Oskar Sundqvist. 13:53 of 1st period - Shot Misses the Net. 13:58 of 1st period - Icing by Shayne Gostisbehere. 13:59 of 1st period - Anze Kopitar wins face-off versus Anders Lee in SACRAMENTO BANDITS zone. 14:05 of 1st period - Off-side. 14:06 of 1st period - Anders Lee wins face-off versus Eetu Luostarinen in neutral zone. 14:20 of 1st period - Shot by Jonathan Huberdeau. 14:20 of 1st period - Shot Misses the Net. 14:22 of 1st period - Shot by Eetu Luostarinen. 14:22 of 1st period - Shot Misses the Net. 14:24 of 1st period - Shot by Danil Gushchin. 14:24 of 1st period - Stopped by James Reimer with a rebound. 14:26 of 1st period - Shot by Eetu Luostarinen. 14:26 of 1st period - Shot Misses the Net. 14:28 of 1st period - Shot by Eetu Luostarinen. 14:28 of 1st period - Shot Misses the Net. 14:30 of 1st period - Shot by Rasmus Sandin. 14:30 of 1st period - Stopped by James Reimer without a rebound. 14:31 of 1st period - Anze Kopitar wins face-off versus Casey Cizikas in OKANAGAN RATTLESNAKES zone. 14:36 of 1st period - Shot by Sam Reinhart. 14:36 of 1st period - Stopped by James Reimer without a rebound. 14:37 of 1st period - Casey Cizikas wins face-off versus Anze Kopitar in OKANAGAN RATTLESNAKES zone. 15:28 of 1st period - Mikhail Sergachev is hit by T.J. Oshie and loses puck. 15:55 of 1st period - Shot by Anders Lee. 15:55 of 1st period - Stopped by Marc-Andre Fleury with a rebound. 15:57 of 1st period - Shot by Anders Lee. 15:57 of 1st period - Stopped by Marc-Andre Fleury with a rebound. 16:12 of 1st period - Icing by Colton Parayko. 16:13 of 1st period - Eetu Luostarinen wins face-off versus Anders Lee in OKANAGAN RATTLESNAKES zone. 16:26 of 1st period - Shot by Jonathan Huberdeau. 16:26 of 1st period - Deflect By Danil Gushchin. 16:26 of 1st period - Stopped by James Reimer with a rebound. 16:34 of 1st period - Shot by Anders Lee. 16:34 of 1st period - Shot Blocked by Janis Moser. 16:36 of 1st period - Shot by Colton Parayko. 16:36 of 1st period - Shot Misses the Net. 16:38 of 1st period - Shot by Lars Eller. 16:38 of 1st period - Stopped by Marc-Andre Fleury with a rebound. 16:58 of 1st period - Icing by Janis Moser. 16:59 of 1st period - Stefan Noesen wins face-off versus Eetu Luostarinen in SACRAMENTO BANDITS zone. 17:29 of 1st period - Shot by Stefan Noesen. 17:29 of 1st period - Stopped by Marc-Andre Fleury with a rebound. 18:07 of 1st period - Shot by Anze Kopitar. 18:07 of 1st period - Shot Misses the Net. 18:52 of 1st period - Marcus Johansson is hit by Jeremy Lauzon. 19:00 of 1st period - Shot by Nico Hischier. 19:00 of 1st period - Stopped by James Reimer without a rebound. 19:01 of 1st period - Peter Abbandonato wins face-off versus Anders Lee in OKANAGAN RATTLESNAKES zone. 19:16 of 1st period - Shot by Anders Lee. 19:16 of 1st period - Shot Misses the Net. 19:49 of 1st period - Off-side. 19:50 of 1st period - Anze Kopitar wins face-off versus Casey Cizikas in neutral zone. Goals for this period are 0 for OKANAGAN RATTLESNAKES vs 1 for SACRAMENTO BANDITS. Shots for this period are 11 for OKANAGAN RATTLESNAKES vs 13 for SACRAMENTO BANDITS. 2nd period 0:01 of 2nd period - Anze Kopitar wins face-off versus Casey Cizikas in neutral zone. 0:12 of 2nd period - Shot by Mike Hoffman. 0:12 of 2nd period - Shot Misses the Net. 0:22 of 2nd period - Shot by Casey Cizikas. 0:22 of 2nd period - Shot Misses the Net. 0:31 of 2nd period - Shot by Esa Lindell. 0:31 of 2nd period - Stopped by Marc-Andre Fleury without a rebound. 0:32 of 2nd period - Nico Hischier wins face-off versus Nazem Kadri in SACRAMENTO BANDITS zone. 0:39 of 2nd period - Shot by Nico Hischier. 0:39 of 2nd period - Shot Blocked by Nazem Kadri. 0:41 of 2nd period - Shot by Nico Hischier. 0:41 of 2nd period - Stopped by James Reimer without a rebound. 0:42 of 2nd period - Peter Abbandonato wins face-off versus Blake Coleman in OKANAGAN RATTLESNAKES zone. 0:42 of 2nd period - Peter Abbandonato is hit by Josh Manson. 0:46 of 2nd period - Shot by Rasmus Sandin. 0:46 of 2nd period - Stopped by James Reimer without a rebound. 0:47 of 2nd period - Nico Hischier wins face-off versus Anders Lee in OKANAGAN RATTLESNAKES zone. 0:56 of 2nd period - Shot by Nico Hischier. 0:56 of 2nd period - Shot Misses the Net. 1:06 of 2nd period - Shot by Nico Hischier. 1:06 of 2nd period - Shot Misses the Net. 1:15 of 2nd period - Minor Penalty to Lars Eller for Holding. 1:16 of 2nd period - Anze Kopitar wins face-off versus Oskar Sundqvist in OKANAGAN RATTLESNAKES zone. 1:21 of 2nd period - Shot by Anze Kopitar. 1:21 of 2nd period - Stopped by James Reimer without a rebound. 1:22 of 2nd period - Anze Kopitar wins face-off versus Oskar Sundqvist in OKANAGAN RATTLESNAKES zone. 1:29 of 2nd period - Shot by Sam Reinhart. 1:29 of 2nd period - Stopped by James Reimer without a rebound. 1:30 of 2nd period - T.J. Oshie wins face-off versus Anze Kopitar in OKANAGAN RATTLESNAKES zone. 1:30 of 2nd period - T.J. Oshie is hit by David Perron. 1:56 of 2nd period - Shot by Sam Reinhart. 1:56 of 2nd period - Stopped by James Reimer without a rebound. 1:57 of 2nd period - Mike Hoffman wins face-off versus Nico Hischier in OKANAGAN RATTLESNAKES zone. 2:16 of 2nd period - Shot by Marcus Johansson. 2:16 of 2nd period - Shot Misses the Net. 2:25 of 2nd period - Icing by Marcus Johansson. 2:26 of 2nd period - Nico Hischier wins face-off versus Mike Hoffman in SACRAMENTO BANDITS zone. 2:45 of 2nd period - Shot by Nico Hischier. 2:45 of 2nd period - Shot Misses the Net. 2:47 of 2nd period - Shot by Marc-Edouard Vlasic. 2:47 of 2nd period - Shot Blocked by Mike Hoffman. 2:49 of 2nd period - Shot by Nico Hischier. 2:49 of 2nd period - Goal by Nico Hischier - OKANAGAN RATTLESNAKES : 0 - SACRAMENTO BANDITS : 2. 2:50 of 2nd period - Stefan Noesen wins face-off versus Anze Kopitar in neutral zone. 3:10 of 2nd period - Icing by Jujhar Khaira. 3:11 of 2nd period - Stefan Noesen wins face-off versus Eetu Luostarinen in OKANAGAN RATTLESNAKES zone. 3:27 of 2nd period - Icing by Danil Gushchin. 3:28 of 2nd period - Casey Cizikas wins face-off versus Eetu Luostarinen in SACRAMENTO BANDITS zone. 3:34 of 2nd period - Icing by Janis Moser. 3:35 of 2nd period - Eetu Luostarinen wins face-off versus Anders Lee in SACRAMENTO BANDITS zone. 3:56 of 2nd period - Shot by Nazem Kadri. 3:56 of 2nd period - Stopped by Marc-Andre Fleury without a rebound. 3:57 of 2nd period - Anze Kopitar wins face-off versus Casey Cizikas in SACRAMENTO BANDITS zone. 4:35 of 2nd period - Icing by Shayne Gostisbehere. 4:36 of 2nd period - Anze Kopitar wins face-off versus Anders Lee in SACRAMENTO BANDITS zone. 4:43 of 2nd period - Esa Lindell is hit by David Perron. 5:10 of 2nd period - Shot by Nazem Kadri. 5:10 of 2nd period - Shot Misses the Net. 5:16 of 2nd period - Shot by Anders Lee. 5:16 of 2nd period - Stopped by Marc-Andre Fleury with a rebound. 6:11 of 2nd period - Shot by Nico Hischier. 6:11 of 2nd period - Deflect By Marcus Johansson. 6:11 of 2nd period - Shot Blocked by Jeremy Lauzon. 6:23 of 2nd period - Shot by Nico Hischier. 6:23 of 2nd period - Shot Hit the Post. 7:09 of 2nd period - Icing by Rasmus Sandin. 7:10 of 2nd period - Anders Lee wins face-off versus Peter Abbandonato in SACRAMENTO BANDITS zone. 7:46 of 2nd period - Shot by Anders Lee. 7:46 of 2nd period - Shot Misses the Net. 10:31 of 2nd period - Off-side. 10:32 of 2nd period - Peter Abbandonato wins face-off versus Blake Coleman in neutral zone. 10:52 of 2nd period - Blake Coleman is hit by Dominik Kubalik and loses puck. 11:27 of 2nd period - Nazem Kadri is hit by Eetu Luostarinen and loses puck. 11:36 of 2nd period - Eetu Luostarinen is hit by Nazem Kadri and loses puck. 11:50 of 2nd period - Shot by Danil Gushchin. 11:50 of 2nd period - Stopped by James Reimer with a rebound. 11:52 of 2nd period - Shot by Rasmus Sandin. 11:52 of 2nd period - Shot Misses the Net. 11:54 of 2nd period - Shot by Jonathan Huberdeau. 11:54 of 2nd period - Stopped by James Reimer with a rebound. 11:56 of 2nd period - Shot by Janis Moser. 11:56 of 2nd period - Deflect By Danil Gushchin. 11:56 of 2nd period - Shot Misses the Net. 12:21 of 2nd period - Jeremy Lauzon is hit by Jonathan Huberdeau and loses puck. 12:40 of 2nd period - Icing by Casey Cizikas. 12:41 of 2nd period - Nico Hischier wins face-off versus Casey Cizikas in OKANAGAN RATTLESNAKES zone. 12:50 of 2nd period - Shot by Marcus Johansson. 12:50 of 2nd period - Shot Misses the Net. 12:52 of 2nd period - Shot by Nico Hischier. 12:52 of 2nd period - Shot Miss